Los Angeles Kings vs Vancouver Canucks
Created - Wednesday, October 30, 2024 at 08:15
Goals
|
| Los Angeles Kings |
2 |
0 |
0 |
2 |
| Vancouver Canucks |
3 |
0 |
1 |
4 |
|
Shots
|
| Los Angeles Kings |
15 |
6 |
11 |
32 |
| Vancouver Canucks |
13 |
6 |
14 |
33 |
|
1st period
1. Vancouver Canucks , Mikko Rantanen 22 (Aleksander Barkov 38) at 1:23 (PP)
2. Vancouver Canucks , Aleksander Barkov 14 (Matias Maccelli 12, Emil Martinsen Lilleberg 9) at 2:25
3. Vancouver Canucks , Matias Maccelli 6 (Aleksander Barkov 39, Artturi Lehkonen 31) at 9:08
4. Los Angeles Kings , Adam Fantilli 19 (Andrei Svechnikov 21) at 9:41 (PP)
5. Los Angeles Kings , Andrei Svechnikov 14 (Andrei Kuzmenko 21, K'Andre Miller 17) at 11:36 (SH)
Penalties :
Vitali Kravtsov (LAK) for Holding Stick (Minor) at 1:09, Miro Heiskanen (VAN) for High sticking (Minor) at 9:20, Jakub Zboril (LAK) for High sticking (Minor) at 10:05
2nd period
No Goal
Penalties :
Noah Dobson (LAK) for Interference (Minor) at 18:12
3rd period
6. Vancouver Canucks , Jake Bean 2 (Clayton Keller 13, Aleksander Barkov 40) at 0:06 (PP)
Penalties :
Trent Frederic (LAK) for Holding (Minor) at 2:26, Robby Fabbri (VAN) for Interference (Minor) at 10:52, Jake Bean (VAN) for Holding (Minor) at 17:38, Vitali Kravtsov (LAK) for Unsportsmanlike conduct (Minor) at 19:58
Goalie Stats
Jonas Johansson (LAK), 29 saves from 33 shots - (0.879), L, 13-15-3, 60:00 minutes
Joonas Korpisalo (VAN), 30 saves from 32 shots - (0.938), W, 10-8-4, 60:00 minutes
Players Stats for Los Angeles Kings
Player Name G A P +/- PIM S H SB GA TA FO MP PP MP PK MP
------------------------------------------------------------------------------------
Adam Fantilli 1 0 1 0 0 4 0 1 0 0 10/16 15:00 2:20 0:00
Alexander Romanov 0 0 0 -1 0 2 2 1 0 1 0/0 22:17 2:15 3:08
Andrei Kuzmenko 0 1 1 -2 0 1 2 0 1 0 2/4 17:46 0:27 3:03
Andrei Svechnikov 1 1 2 1 0 6 3 0 0 0 1/1 17:29 1:55 2:58
Blake Wheeler 0 0 0 0 0 0 0 0 0 0 1/3 9:02 0:00 0:00
Erik Brannstrom 0 0 0 0 0 1 0 1 0 0 0/0 15:27 0:30 0:06
Jakub Zboril 0 0 0 0 2 0 0 1 0 0 0/0 15:52 0:00 0:36
K'Andre Miller 0 1 1 0 0 1 1 0 0 1 0/0 23:22 2:04 3:05
Logan Cooley 0 0 0 0 0 1 0 0 0 0 4/9 8:03 0:15 0:00
Michael Eyssimont 0 0 0 -2 0 1 2 0 0 1 2/8 15:20 0:37 1:16
Michael Milne 0 0 0 0 0 1 1 1 0 1 1/1 20:25 1:55 0:00
Noah Dobson 0 0 0 0 2 1 0 1 1 0 0/0 21:26 2:04 2:00
Owen Power 0 0 0 -1 0 3 1 3 0 1 0/0 22:27 2:15 3:19
Peyton Krebs 0 0 0 0 0 1 1 0 2 0 1/1 16:42 1:54 0:18
Ryan Reaves 0 0 0 0 0 1 1 0 0 0 1/3 9:07 1:07 0:00
Seth Jarvis 0 0 0 1 0 3 0 0 1 1 2/6 19:20 1:57 2:52
Trent Frederic 0 0 0 0 2 4 1 0 1 0 0/0 11:23 0:00 1:47
Vitali Kravtsov 0 0 0 -2 4 1 0 0 0 0 0/0 13:19 0:00 0:00
Players Stats for Vancouver Canucks
Player Name G A P +/- PIM S H SB GA TA FO MP PP MP PK MP
------------------------------------------------------------------------------------
Adam Boqvist 0 0 0 0 0 2 1 0 0 0 0/0 19:16 2:53 0:40
Aleksander Barkov 1 3 4 1 0 2 5 0 1 0 7/16 19:38 2:59 2:10
Anton Lundell 0 0 0 0 0 1 1 0 1 0 9/13 14:31 0:00 1:45
Artturi Lehkonen 0 1 1 0 0 3 1 0 1 0 1/1 17:47 3:08 1:51
Casey Mittelstadt 0 0 0 0 0 2 0 0 0 0 6/12 17:12 3:08 0:20
Clayton Keller 0 1 1 -1 0 2 2 0 1 0 0/1 16:54 2:59 0:00
Emil Martinsen Lilleberg 0 1 1 2 0 0 1 0 0 1 0/0 14:10 0:00 1:05
Jacob Bernard-Docker 0 0 0 2 0 0 1 0 0 0 0/0 15:51 0:00 2:06
Jake Bean 1 0 1 0 2 1 1 1 0 0 0/0 18:36 2:53 0:00
Jesperi Kotkaniemi 0 0 0 0 0 0 3 0 0 0 2/3 9:21 0:00 0:31
Kasperi Kapanen 0 0 0 2 0 3 2 0 0 0 0/0 14:08 0:00 0:00
Matias Maccelli 1 1 2 2 0 5 0 0 0 0 0/1 14:08 0:00 0:00
Mikko Rantanen 1 0 1 -1 0 7 3 0 0 0 1/2 17:07 2:59 0:00
Miro Heiskanen 0 0 0 -1 2 2 0 2 0 1 0/0 24:57 3:14 2:07
Noah Hanifin 0 0 0 -1 0 1 3 1 1 2 0/0 26:11 3:14 2:40
Robby Fabbri 0 0 0 0 2 0 0 1 1 2 1/1 8:55 0:00 0:00
Taylor Raddysh 0 0 0 0 0 2 3 0 0 0 0/0 15:45 3:08 0:00
Ty Dellandrea 0 0 0 0 0 0 3 0 0 0 0/2 11:11 0:00 2:01
3 Stars
1 - Aleksander Barkov (VAN)
2 - Matias Maccelli (VAN)
3 - Andrei Svechnikov (LAK)
Power Play
Los Angeles Kings - 1 on 2 Attempt(s) - 50.00%
Vancouver Canucks - 2 on 6 Attempt(s) - 33.33%
Penalty Kill
Los Angeles Kings - 4 on 6 Attempt(s) - 66.67%
- Score 1 goal in Penalty Kill
Vancouver Canucks - 1 on 2 Attempt(s) - 50.00%
- Score 0 goal in Penalty Kill
Team Stat
Los Angeles Kings - Hits : 15 - Faceoff Wins : 25 - Blocked Shots : 9 - Penalty Minutes : 10
Vancouver Canucks - Hits : 30 - Faceoff Wins : 27 - Blocked Shots : 5 - Penalty Minutes : 6
Official
Referees : Corey Syvret and Jon Mcisaac
Linesman : Kiel Murchison and Trent Knorr
Game Notes
Logan Cooley is injured at 7:41 of 2nd period (Bruised Right Arm)
7:03 of 3rd period - Penalty Shot by Andrei Svechnikov for Los Angeles Kings - Stopped by Joonas Korpisalo
Finance
Level 1 -- Attendance: 4326 (72.10%) -- Ticket Income $428,274
Level 2 -- Attendance: 3940 (78.80%) -- Ticket Income $232,460
Level 3 -- Attendance: 2278 (75.93%) -- Ticket Income $77,452
Level 4 -- Attendance: 3420 (68.40%) -- Ticket Income $82,080
Luxury Box -- Attendance: 760 (76.00%) -- Ticket Income $151,240
Game was played at the Rogers Arena.
Total Attendance: 14724 (73.62%)
Total Ticket Income: $971,506
Other Income: $340,027
Total Income: $1,311,533
Los Angeles Kings
5 vs 5 Forward
Center Left Wing Right Wing Time % Phy DF OF
1 Logan Cooley Peyton Krebs Seth Jarvis 30 1 2 2
2 Adam Fantilli Michael Milne Andrei Svechnikov 30 1 2 2
3 Michael Eyssimont Vitali Kravtsov Andrei Kuzmenko 25 1 2 2
4 Blake Wheeler Michael Milne Trent Frederic 15 1 2 2
5 vs 5 Defense
Defense Defense Time % Phy DF OF
1 Noah Dobson K'Andre Miller 35 1 2 2
2 Alexander Romanov Owen Power 35 1 2 2
3 Erik Brannstrom Jakub Zboril 30 1 2 2
4 Noah Dobson K'Andre Miller 0 1 2 2
PowerPlay Forward
Center Left Wing Right Wing Time % Phy DF OF
1 Logan Cooley Peyton Krebs Seth Jarvis 50 1 2 2
2 Adam Fantilli Michael Milne Andrei Svechnikov 50 1 2 2
PowerPlay Defense
Defense Defense Time % Phy DF OF
1 Noah Dobson K'Andre Miller 50 1 2 2
2 Alexander Romanov Owen Power 50 1 2 2
Penalty Kill 4 Players Forward
Center Wing Time % Phy DF OF
1 Seth Jarvis Andrei Svechnikov 50 1 2 2
2 Andrei Kuzmenko Trent Frederic 50 1 2 2
Penalty Kill 4 Players Defense
Defense Defense Time % Phy DF OF
1 Noah Dobson K'Andre Miller 50 1 2 2
2 Alexander Romanov Owen Power 50 1 2 2
Penalty Kill - 3 Players Forward
Forward Time % Phy DF OF
1 Seth Jarvis 50 1 2 2
2 Andrei Svechnikov 50 1 2 2
Penalty Kill - 3 Players Defense
Defense Defense Time % Phy DF OF
1 Noah Dobson K'Andre Miller 50 1 2 2
2 Alexander Romanov Owen Power 50 1 2 2
4 vs 4 Forward
Center Wing Time % Phy DF OF
1 Seth Jarvis Andrei Svechnikov 50 1 2 2
2 Andrei Kuzmenko Trent Frederic 50 1 2 2
4 vs 4 Defense
Defense Defense Time % Phy DF OF
1 Noah Dobson K'Andre Miller 50 1 2 2
2 Alexander Romanov Owen Power 50 1 2 2
Last Minutes Offensive
Center Left Wing Right Wing Defense Defense
Logan Cooley Peyton Krebs Seth Jarvis Noah Dobson K'Andre Miller
Last Minutes Defensive
Center Left Wing Right Wing Defense Defense
Logan Cooley Peyton Krebs Seth Jarvis Noah Dobson K'Andre Miller
Goaltenders
Starting : Jonas Johansson
Backup : Andrei Vasilevskiy
Extra Forwards
Normal : Seth Jarvis, Ryan Reaves, Michael Eyssimont - PP : Seth Jarvis, Ryan Reaves - PK : Michael Eyssimont
Extra Defensemen
Normal : Noah Dobson, Jakub Zboril, Alexander Romanov - PP : K'Andre Miller - PK : Jakub Zboril, Alexander Romanov
Penalty Shots
Seth Jarvis, Andrei Svechnikov, Andrei Kuzmenko, Trent Frederic, Logan Cooley
Scratches
Ruslan Iskhakov (Healthy), Cooper Marody (Healthy), Nicklas Backstrom (Healthy), Joshua Brown (Healthy)
Vancouver Canucks
5 vs 5 Forward
Center Left Wing Right Wing Time % Phy DF OF
1 Casey Mittelstadt Clayton Keller Mikko Rantanen 30 1 2 2
2 Aleksander Barkov Matias Maccelli Kasperi Kapanen 30 1 2 2
3 Anton Lundell Artturi Lehkonen Taylor Raddysh 25 1 2 2
4 Jesperi Kotkaniemi Robby Fabbri Ty Dellandrea 15 1 2 2
5 vs 5 Defense
Defense Defense Time % Phy DF OF
1 Noah Hanifin Miro Heiskanen 30 1 2 2
2 Jake Bean Adam Boqvist 30 1 2 2
3 Emil Martinsen Lilleberg Jacob Bernard-Docker 25 1 2 2
4 Noah Hanifin Miro Heiskanen 15 1 2 2
PowerPlay Forward
Center Left Wing Right Wing Time % Phy DF OF
1 Aleksander Barkov Clayton Keller Mikko Rantanen 50 1 2 2
2 Casey Mittelstadt Artturi Lehkonen Taylor Raddysh 50 1 2 2
PowerPlay Defense
Defense Defense Time % Phy DF OF
1 Noah Hanifin Miro Heiskanen 50 1 2 2
2 Jake Bean Adam Boqvist 50 1 2 2
Penalty Kill 4 Players Forward
Center Wing Time % Phy DF OF
1 Aleksander Barkov Ty Dellandrea 50 1 2 2
2 Anton Lundell Artturi Lehkonen 50 1 2 2
Penalty Kill 4 Players Defense
Defense Defense Time % Phy DF OF
1 Noah Hanifin Jacob Bernard-Docker 50 1 2 2
2 Emil Martinsen Lilleberg Miro Heiskanen 50 1 2 2
Penalty Kill - 3 Players Forward
Forward Time % Phy DF OF
1 Aleksander Barkov 50 1 2 2
2 Ty Dellandrea 50 1 2 2
Penalty Kill - 3 Players Defense
Defense Defense Time % Phy DF OF
1 Noah Hanifin Jacob Bernard-Docker 50 1 2 2
2 Emil Martinsen Lilleberg Miro Heiskanen 50 1 2 2
4 vs 4 Forward
Center Wing Time % Phy DF OF
1 Casey Mittelstadt Mikko Rantanen 50 1 2 2
2 Aleksander Barkov Clayton Keller 50 1 2 2
4 vs 4 Defense
Defense Defense Time % Phy DF OF
1 Noah Hanifin Miro Heiskanen 50 1 2 2
2 Jake Bean Adam Boqvist 50 1 2 2
Last Minutes Offensive
Center Left Wing Right Wing Defense Defense
Aleksander Barkov Clayton Keller Mikko Rantanen Noah Hanifin Miro Heiskanen
Last Minutes Defensive
Center Left Wing Right Wing Defense Defense
Aleksander Barkov Clayton Keller Mikko Rantanen Noah Hanifin Miro Heiskanen
Goaltenders
Starting : Joonas Korpisalo
Backup : Justus Annunen
Extra Forwards
Normal : Matias Maccelli, Mikko Rantanen, Jesperi Kotkaniemi - PP : Matias Maccelli, Anton Lundell - PK : Jesperi Kotkaniemi
Extra Defensemen
Normal : Jake Bean, Miro Heiskanen, Emil Martinsen Lilleberg - PP : Jake Bean - PK : Noah Hanifin, Emil Martinsen Lilleberg
Penalty Shots
Aleksander Barkov, Mikko Rantanen, Clayton Keller, Artturi Lehkonen, Casey Mittelstadt
Scratches
Justin Schultz (Healthy), Jesse Ylonen (Healthy), Jacob Bryson (Healthy), Nathan Smith (Healthy), Ville Husso (Healthy)
% Time on Ice - Los Angeles Kings
Lines # - Real PCT - Wanted PCT - Time Play
Normal Forward
1 - 40% - 30% - 19:40
2 - 25% - 30% - 12:19
3 - 23% - 25% - 11:17
4 - 13% - 15% - 6:18
Normal Defense
1 - 36% - 35% - 17:40
2 - 34% - 35% - 16:52
3 - 30% - 30% - 15:02
4 - 0% - 0% - 0:00
PP Forward
1 - 56% - 50% - 2:24
2 - 44% - 50% - 1:55
PP Defense
1 - 48% - 50% - 2:04
2 - 52% - 50% - 2:15
PK Forward
1 - 49% - 50% - 2:59
2 - 51% - 50% - 3:08
PK Defense
1 - 62% - 50% - 3:47
2 - 38% - 50% - 2:20
PK3 Forward
1 - 0% - 50%
2 - 0% - 50%
PK3 Defense
1 - 0% - 50%
2 - 0% - 50%
44 Forward
1 - 0% - 50%
2 - 0% - 50%
44 Defense
1 - 0% - 50%
2 - 0% - 50%
Last Minute Offensive - 0:00
Last Minute Defensive - 0:00
Total
Forward - 60:00
Defense - 60:00
|
% Time on Ice - Vancouver Canucks
Lines # - Real PCT - Wanted PCT - Time Play
Normal Forward
1 - 29% - 30% - 14:14
2 - 29% - 30% - 14:08
3 - 25% - 25% - 12:37
4 - 17% - 15% - 8:35
Normal Defense
1 - 30% - 30% - 14:39
2 - 32% - 30% - 15:44
3 - 26% - 25% - 13:04
4 - 12% - 15% - 6:07
PP Forward
1 - 49% - 50% - 2:59
2 - 51% - 50% - 3:08
PP Defense
1 - 53% - 50% - 3:14
2 - 47% - 50% - 2:53
PK Forward
1 - 51% - 50% - 2:12
2 - 49% - 50% - 2:07
PK Defense
1 - 49% - 50% - 2:06
2 - 51% - 50% - 2:13
PK3 Forward
1 - 0% - 50%
2 - 0% - 50%
PK3 Defense
1 - 0% - 50%
2 - 0% - 50%
44 Forward
1 - 0% - 50%
2 - 0% - 50%
44 Defense
1 - 0% - 50%
2 - 0% - 50%
Last Minute Offensive - 0:00
Last Minute Defensive - 0:00
Total
Forward - 60:00
Defense - 60:00
|
Play-by-Play
1st period
0:01 of 1st period - Logan Cooley wins face-off versus Casey Mittelstadt in neutral zone.
0:11 of 1st period - Snap shot by Logan Cooley.
0:11 of 1st period - Shot Misses the Net.
0:13 of 1st period - Wrist shot by Logan Cooley.
0:13 of 1st period - Shot Blocked by Miro Heiskanen.
0:52 of 1st period - Michael Eyssimont is hit by Noah Hanifin and loses puck.
1:09 of 1st period - Minor Penalty to Vitali Kravtsov for Holding Stick.
1:10 of 1st period - Aleksander Barkov wins face-off versus Seth Jarvis in Los Angeles Kings zone.
1:23 of 1st period - Wrist shot by Mikko Rantanen.
1:23 of 1st period - Deflect By K'Andre Miller.
1:23 of 1st period - Goal by Mikko Rantanen - Los Angeles Kings : 0 - Vancouver Canucks : 1.
1:24 of 1st period - Jesperi Kotkaniemi wins face-off versus Blake Wheeler in neutral zone.
1:27 of 1st period - Erik Brannstrom is hit by Jesperi Kotkaniemi and loses puck.
1:36 of 1st period - Wrist shot by Jesperi Kotkaniemi.
1:36 of 1st period - Shot Misses the Net.
1:38 of 1st period - Wrist shot by Jesperi Kotkaniemi.
1:38 of 1st period - Shot Hit the Post.
2:25 of 1st period - Snap shot by Matias Maccelli.
2:25 of 1st period - Deflect By Aleksander Barkov.
2:25 of 1st period - Goal by Aleksander Barkov - Los Angeles Kings : 0 - Vancouver Canucks : 2.
2:26 of 1st period - Adam Fantilli wins face-off versus Anton Lundell in neutral zone.
2:31 of 1st period - Slapshot by Adam Fantilli.
2:31 of 1st period - Stopped by Joonas Korpisalo without a rebound.
2:32 of 1st period - Andrei Svechnikov wins face-off versus Anton Lundell in Vancouver Canucks zone.
2:47 of 1st period - Slapshot by Artturi Lehkonen.
2:47 of 1st period - Shot Misses the Net.
3:05 of 1st period - Wrist shot by Matias Maccelli.
3:05 of 1st period - Stopped by Jonas Johansson with a rebound.
3:33 of 1st period - Miro Heiskanen is hit by Michael Eyssimont and loses puck.
4:33 of 1st period - Snap shot by Aleksander Barkov.
4:33 of 1st period - Shot Blocked by Adam Fantilli.
4:49 of 1st period - Snap shot by Mikko Rantanen.
4:49 of 1st period - Shot Misses the Net.
4:51 of 1st period - Wrist shot by Mikko Rantanen.
4:51 of 1st period - Stopped by Jonas Johansson with a rebound.
4:53 of 1st period - Snap shot by Casey Mittelstadt.
4:53 of 1st period - Shot Blocked by Erik Brannstrom.
4:55 of 1st period - Wrist shot by Casey Mittelstadt.
4:55 of 1st period - Shot Misses the Net.
5:05 of 1st period - Erik Brannstrom is hit by Ty Dellandrea and loses puck.
5:56 of 1st period - Andrei Svechnikov is hit by Aleksander Barkov and loses puck.
6:07 of 1st period - Snap shot by Seth Jarvis.
6:07 of 1st period - Shot Misses the Net.
6:24 of 1st period - Noah Dobson is hit by Jake Bean and loses puck.
7:51 of 1st period - Icing by Seth Jarvis.
7:52 of 1st period - Jesperi Kotkaniemi wins face-off versus Logan Cooley in Los Angeles Kings zone.
7:53 of 1st period - Wrist shot by Robby Fabbri.
7:53 of 1st period - Shot Misses the Net.
7:55 of 1st period - Snap shot by Kasperi Kapanen.
7:55 of 1st period - Stopped by Jonas Johansson with a rebound.
7:57 of 1st period - Slapshot by Emil Martinsen Lilleberg.
7:57 of 1st period - Deflect By Aleksander Barkov.
7:57 of 1st period - Shot Blocked by Jakub Zboril.
7:57 of 1st period - Puck is out of play.
7:58 of 1st period - Adam Fantilli wins face-off versus Aleksander Barkov in Los Angeles Kings zone.
7:58 of 1st period - Adam Fantilli is hit by Kasperi Kapanen.
8:13 of 1st period - Wrist shot by Andrei Svechnikov.
8:13 of 1st period - Stopped by Joonas Korpisalo without a rebound.
8:14 of 1st period - Casey Mittelstadt wins face-off versus Logan Cooley in Vancouver Canucks zone.
8:23 of 1st period - Snap shot by Mikko Rantanen.
8:23 of 1st period - Stopped by Jonas Johansson with a rebound.
9:04 of 1st period - Backhand shot by Aleksander Barkov.
9:04 of 1st period - Shot Blocked by Owen Power.
9:06 of 1st period - Wrist shot by Aleksander Barkov.
9:06 of 1st period - Stopped by Jonas Johansson with a rebound.
9:08 of 1st period - Slapshot by Matias Maccelli.
9:08 of 1st period - Goal by Matias Maccelli - Los Angeles Kings : 0 - Vancouver Canucks : 3.
9:09 of 1st period - Adam Fantilli wins face-off versus Clayton Keller in neutral zone.
9:16 of 1st period - Snap shot by Andrei Svechnikov.
9:16 of 1st period - Stopped by Joonas Korpisalo without a rebound.
9:17 of 1st period - Casey Mittelstadt wins face-off versus Adam Fantilli in Vancouver Canucks zone.
9:17 of 1st period - Casey Mittelstadt is hit by Andrei Svechnikov.
9:20 of 1st period - Minor Penalty to Miro Heiskanen for High sticking.
9:21 of 1st period - Logan Cooley wins face-off versus Ty Dellandrea in Vancouver Canucks zone.
9:33 of 1st period - Wrist shot by Logan Cooley.
9:33 of 1st period - Stopped by Joonas Korpisalo with a rebound.
9:35 of 1st period - Slapshot by K'Andre Miller.
9:35 of 1st period - Stopped by Joonas Korpisalo without a rebound.
9:36 of 1st period - Adam Fantilli wins face-off versus Aleksander Barkov in Vancouver Canucks zone.
9:41 of 1st period - Snap shot by Adam Fantilli.
9:41 of 1st period - Goal by Adam Fantilli - Los Angeles Kings : 1 - Vancouver Canucks : 3.
9:42 of 1st period - Casey Mittelstadt wins face-off versus Adam Fantilli in neutral zone.
10:05 of 1st period - Minor Penalty to Jakub Zboril for High sticking.
10:06 of 1st period - Andrei Kuzmenko wins face-off versus Casey Mittelstadt in Los Angeles Kings zone.
10:39 of 1st period - Icing by Jake Bean.
10:40 of 1st period - Seth Jarvis wins face-off versus Aleksander Barkov in Vancouver Canucks zone.
10:43 of 1st period - Wrist shot by Seth Jarvis.
10:43 of 1st period - Stopped by Joonas Korpisalo without a rebound.
10:44 of 1st period - Andrei Kuzmenko wins face-off versus Casey Mittelstadt in Vancouver Canucks zone.
10:57 of 1st period - Noah Dobson is hit by Taylor Raddysh and loses puck.
11:16 of 1st period - Snap shot by Mikko Rantanen.
11:16 of 1st period - Shot Misses the Net.
11:18 of 1st period - Slapshot by Aleksander Barkov.
11:18 of 1st period - Shot Misses the Net.
11:20 of 1st period - Snap shot by Clayton Keller.
11:20 of 1st period - Shot Misses the Net.
11:36 of 1st period - Slapshot by Andrei Svechnikov.
11:36 of 1st period - Goal by Andrei Svechnikov - Los Angeles Kings : 2 - Vancouver Canucks : 3.
11:37 of 1st period - Artturi Lehkonen wins face-off versus Andrei Kuzmenko in neutral zone.
12:05 of 1st period - Penalty to Jakub Zboril is over, Jakub Zboril is back on ice.
12:26 of 1st period - Wrist shot by Jesperi Kotkaniemi.
12:26 of 1st period - Shot Misses the Net.
12:28 of 1st period - Wrist shot by Robby Fabbri.
12:28 of 1st period - Shot Misses the Net.
12:34 of 1st period - Snap shot by Robby Fabbri.
12:34 of 1st period - Shot Blocked by Owen Power.
12:44 of 1st period - Owen Power is hit by Taylor Raddysh and loses puck.
12:55 of 1st period - Snap shot by Alexander Romanov.
12:55 of 1st period - Stopped by Joonas Korpisalo with a rebound.
13:24 of 1st period - Slapshot by Logan Cooley.
13:24 of 1st period - Shot Misses the Net.
13:39 of 1st period - Wrist shot by Aleksander Barkov.
13:39 of 1st period - Shot Blocked by Michael Milne.
13:41 of 1st period - Snap shot by Kasperi Kapanen.
13:41 of 1st period - Stopped by Jonas Johansson with a rebound.
13:43 of 1st period - Slapshot by Adam Boqvist.
13:43 of 1st period - Stopped by Jonas Johansson with a rebound.
13:45 of 1st period - Snap shot by Kasperi Kapanen.
13:45 of 1st period - Shot Misses the Net.
14:21 of 1st period - Slapshot by Ryan Reaves.
14:21 of 1st period - Stopped by Joonas Korpisalo without a rebound.
14:22 of 1st period - Michael Eyssimont wins face-off versus Matias Maccelli in Vancouver Canucks zone.
14:39 of 1st period - Slapshot by Owen Power.
14:39 of 1st period - Stopped by Joonas Korpisalo without a rebound.
14:40 of 1st period - Peyton Krebs wins face-off versus Casey Mittelstadt in Vancouver Canucks zone.
14:41 of 1st period - Wrist shot by Seth Jarvis.
14:41 of 1st period - Stopped by Joonas Korpisalo without a rebound.
14:42 of 1st period - Logan Cooley wins face-off versus Mikko Rantanen in Vancouver Canucks zone.
15:11 of 1st period - Slapshot by Owen Power.
15:11 of 1st period - Stopped by Joonas Korpisalo without a rebound.
15:12 of 1st period - Blake Wheeler wins face-off versus Aleksander Barkov in Vancouver Canucks zone.
15:13 of 1st period - Slapshot by Noah Dobson.
15:13 of 1st period - Shot Misses the Net.
15:43 of 1st period - Slapshot by Trent Frederic.
15:43 of 1st period - Stopped by Joonas Korpisalo without a rebound.
15:44 of 1st period - Anton Lundell wins face-off versus Logan Cooley in Vancouver Canucks zone.
15:55 of 1st period - Slapshot by Artturi Lehkonen.
15:55 of 1st period - Shot Misses the Net.
15:57 of 1st period - Slapshot by Miro Heiskanen.
15:57 of 1st period - Stopped by Jonas Johansson with a rebound.
15:59 of 1st period - Slapshot by Artturi Lehkonen.
15:59 of 1st period - Shot Misses the Net.
16:36 of 1st period - Noah Dobson is hit by Mikko Rantanen and loses puck.
16:45 of 1st period - Miro Heiskanen is hit by Trent Frederic and loses puck.
16:52 of 1st period - Snap shot by Casey Mittelstadt.
16:52 of 1st period - Stopped by Jonas Johansson with a rebound.
16:58 of 1st period - Wrist shot by Mikko Rantanen.
16:58 of 1st period - Stopped by Jonas Johansson without a rebound.
16:59 of 1st period - Logan Cooley wins face-off versus Anton Lundell in Los Angeles Kings zone.
17:08 of 1st period - Anton Lundell is hit by Peyton Krebs and loses puck.
17:32 of 1st period - Owen Power is hit by Adam Boqvist and loses puck.
17:59 of 1st period - Snap shot by Andrei Svechnikov.
17:59 of 1st period - Deflect By Ty Dellandrea.
17:59 of 1st period - Stopped by Joonas Korpisalo with a rebound.
18:49 of 1st period - K'Andre Miller is hit by Mikko Rantanen.
18:57 of 1st period - Wrist shot by Mikko Rantanen.
18:57 of 1st period - Shot Misses the Net.
19:13 of 1st period - Wrist shot by Artturi Lehkonen.
19:13 of 1st period - Shot Misses the Net.
19:25 of 1st period - Jakub Zboril is hit by Jesperi Kotkaniemi and loses puck.
Goals for this period are 2 for Los Angeles Kings vs 3 for Vancouver Canucks.
Shots for this period are 15 for Los Angeles Kings vs 13 for Vancouver Canucks.
2nd period
0:01 of 2nd period - Adam Fantilli wins face-off versus Aleksander Barkov in neutral zone.
0:26 of 2nd period - Seth Jarvis is hit by Artturi Lehkonen and loses puck.
0:55 of 2nd period - Snap shot by Mikko Rantanen.
0:55 of 2nd period - Shot Misses the Net.
1:05 of 2nd period - Ty Dellandrea is hit by Alexander Romanov and loses puck.
1:10 of 2nd period - Wrist shot by Blake Wheeler.
1:10 of 2nd period - Shot Misses the Net.
1:12 of 2nd period - Slapshot by Alexander Romanov.
1:12 of 2nd period - Stopped by Joonas Korpisalo with a rebound.
1:14 of 2nd period - Snap shot by Owen Power.
1:14 of 2nd period - Stopped by Joonas Korpisalo with a rebound.
2:46 of 2nd period - Alexander Romanov is hit by Kasperi Kapanen and loses puck.
3:20 of 2nd period - Logan Cooley is hit by Mikko Rantanen and loses puck.
4:07 of 2nd period - Wrist shot by Seth Jarvis.
4:07 of 2nd period - Stopped by Joonas Korpisalo with a rebound.
5:30 of 2nd period - Snap shot by Matias Maccelli.
5:30 of 2nd period - Stopped by Jonas Johansson without a rebound.
5:31 of 2nd period - Anton Lundell wins face-off versus Logan Cooley in Los Angeles Kings zone.
5:34 of 2nd period - Slapshot by Miro Heiskanen.
5:34 of 2nd period - Deflect By Artturi Lehkonen.
5:34 of 2nd period - Stopped by Jonas Johansson with a rebound.
5:36 of 2nd period - Slapshot by Noah Hanifin.
5:36 of 2nd period - Stopped by Jonas Johansson with a rebound.
5:38 of 2nd period - Wrist shot by Taylor Raddysh.
5:38 of 2nd period - Stopped by Jonas Johansson without a rebound.
5:39 of 2nd period - Anton Lundell wins face-off versus Logan Cooley in Los Angeles Kings zone.
5:46 of 2nd period - Snap shot by Artturi Lehkonen.
5:46 of 2nd period - Stopped by Jonas Johansson with a rebound.
7:19 of 2nd period - Snap shot by Trent Frederic.
7:19 of 2nd period - Stopped by Joonas Korpisalo with a rebound.
7:40 of 2nd period - Logan Cooley is hit by Anton Lundell and loses puck.
7:41 of 2nd period - Logan Cooley from Los Angeles Kings is injured at 7:41 of 2nd period (Bruised Right Arm).
7:42 of 2nd period - Mikko Rantanen wins face-off versus Adam Fantilli in Los Angeles Kings zone.
7:47 of 2nd period - Slapshot by Mikko Rantanen.
7:47 of 2nd period - Stopped by Jonas Johansson with a rebound.
8:05 of 2nd period - Michael Milne is hit by Noah Hanifin and loses puck.
8:55 of 2nd period - Snap shot by Noah Dobson.
8:55 of 2nd period - Stopped by Joonas Korpisalo with a rebound.
9:45 of 2nd period - Andrei Svechnikov is hit by Noah Hanifin and loses puck.
9:54 of 2nd period - Snap shot by Andrei Svechnikov.
9:54 of 2nd period - Stopped by Joonas Korpisalo without a rebound.
9:55 of 2nd period - Aleksander Barkov wins face-off versus Ryan Reaves in Vancouver Canucks zone.
10:02 of 2nd period - Snap shot by Matias Maccelli.
10:02 of 2nd period - Shot Misses the Net.
10:50 of 2nd period - Seth Jarvis is hit by Jacob Bernard-Docker and loses puck.
11:03 of 2nd period - Andrei Kuzmenko is hit by Aleksander Barkov and loses puck.
11:38 of 2nd period - Jake Bean is hit by Ryan Reaves and loses puck.
11:51 of 2nd period - Michael Eyssimont is hit by Aleksander Barkov and loses puck.
12:06 of 2nd period - Andrei Kuzmenko is hit by Emil Martinsen Lilleberg and loses puck.
12:25 of 2nd period - Alexander Romanov is hit by Jesperi Kotkaniemi and loses puck.
13:10 of 2nd period - Seth Jarvis is hit by Ty Dellandrea and loses puck.
14:41 of 2nd period - Michael Eyssimont is hit by Ty Dellandrea and loses puck.
17:51 of 2nd period - Erik Brannstrom is hit by Clayton Keller and loses puck.
18:12 of 2nd period - Minor Penalty to Noah Dobson for Interference.
18:13 of 2nd period - Aleksander Barkov wins face-off versus Seth Jarvis in Los Angeles Kings zone.
19:16 of 2nd period - Casey Mittelstadt is hit by Michael Eyssimont and loses puck.
Goals for this period are 0 for Los Angeles Kings vs 0 for Vancouver Canucks.
Shots for this period are 6 for Los Angeles Kings vs 6 for Vancouver Canucks.
3rd period
0:01 of 3rd period - Aleksander Barkov wins face-off versus Seth Jarvis in neutral zone.
0:04 of 3rd period - Wrist shot by Clayton Keller.
0:04 of 3rd period - Shot Blocked by Alexander Romanov.
0:06 of 3rd period - Slapshot by Jake Bean.
0:06 of 3rd period - Goal by Jake Bean - Los Angeles Kings : 2 - Vancouver Canucks : 4.
0:07 of 3rd period - Adam Fantilli wins face-off versus Aleksander Barkov in neutral zone.
0:14 of 3rd period - Snap shot by Adam Fantilli.
0:14 of 3rd period - Stopped by Joonas Korpisalo without a rebound.
0:15 of 3rd period - Adam Fantilli wins face-off versus Aleksander Barkov in Vancouver Canucks zone.
0:16 of 3rd period - Slapshot by Andrei Svechnikov.
0:16 of 3rd period - Shot Misses the Net.
0:18 of 3rd period - Wrist shot by Adam Fantilli.
0:18 of 3rd period - Stopped by Joonas Korpisalo with a rebound.
0:20 of 3rd period - Slapshot by Owen Power.
0:20 of 3rd period - Shot Blocked by Noah Hanifin.
0:22 of 3rd period - Wrist shot by Michael Milne.
0:22 of 3rd period - Stopped by Joonas Korpisalo without a rebound.
0:23 of 3rd period - Aleksander Barkov wins face-off versus Michael Eyssimont in Vancouver Canucks zone.
0:23 of 3rd period - Aleksander Barkov is hit by Alexander Romanov.
0:29 of 3rd period - Alexander Romanov is hit by Aleksander Barkov and loses puck.
1:31 of 3rd period - Snap shot by Trent Frederic.
1:31 of 3rd period - Stopped by Joonas Korpisalo with a rebound.
1:33 of 3rd period - Wrist shot by Blake Wheeler.
1:33 of 3rd period - Shot Blocked by Robby Fabbri.
1:35 of 3rd period - Snap shot by Trent Frederic.
1:35 of 3rd period - Stopped by Joonas Korpisalo with a rebound.
1:37 of 3rd period - Slapshot by Erik Brannstrom.
1:37 of 3rd period - Stopped by Joonas Korpisalo without a rebound.
1:38 of 3rd period - Aleksander Barkov wins face-off versus Michael Eyssimont in Vancouver Canucks zone.
1:49 of 3rd period - Snap shot by Michael Eyssimont.
1:49 of 3rd period - Stopped by Joonas Korpisalo with a rebound.
1:51 of 3rd period - Wrist shot by Andrei Kuzmenko.
1:51 of 3rd period - Stopped by Joonas Korpisalo with a rebound.
1:53 of 3rd period - Snap shot by Michael Eyssimont.
1:53 of 3rd period - Shot Misses the Net.
2:12 of 3rd period - Slapshot by Adam Boqvist.
2:12 of 3rd period - Stopped by Jonas Johansson with a rebound.
2:14 of 3rd period - Backhand shot by Adam Boqvist.
2:14 of 3rd period - Shot Misses the Net.
2:26 of 3rd period - Minor Penalty to Trent Frederic for Holding.
2:27 of 3rd period - Seth Jarvis wins face-off versus Casey Mittelstadt in Los Angeles Kings zone.
2:37 of 3rd period - Adam Boqvist is hit by Andrei Svechnikov and loses puck.
2:52 of 3rd period - Adam Boqvist is hit by K'Andre Miller and loses puck.
2:59 of 3rd period - Slapshot by Jake Bean.
2:59 of 3rd period - Deflect By Clayton Keller.
2:59 of 3rd period - Stopped by Jonas Johansson without a rebound.
3:00 of 3rd period - Casey Mittelstadt wins face-off versus Andrei Kuzmenko in Los Angeles Kings zone.
3:17 of 3rd period - Miro Heiskanen is hit by Andrei Svechnikov and loses puck.
4:02 of 3rd period - Snap shot by Andrei Svechnikov.
4:02 of 3rd period - Stopped by Joonas Korpisalo with a rebound.
4:26 of 3rd period - Penalty to Trent Frederic is over, Trent Frederic is back on ice.
5:13 of 3rd period - Icing by Erik Brannstrom.
5:14 of 3rd period - Michael Milne wins face-off versus Jesperi Kotkaniemi in Los Angeles Kings zone.
5:21 of 3rd period - Jesperi Kotkaniemi is hit by Michael Milne.
5:40 of 3rd period - Michael Eyssimont is hit by Taylor Raddysh.
5:46 of 3rd period - Slapshot by Artturi Lehkonen.
5:46 of 3rd period - Stopped by Jonas Johansson with a rebound.
6:04 of 3rd period - Ryan Reaves is hit by Clayton Keller.
6:23 of 3rd period - Snap shot by Aleksander Barkov.
6:23 of 3rd period - Shot Blocked by Owen Power.
6:25 of 3rd period - Slapshot by Matias Maccelli.
6:25 of 3rd period - Stopped by Jonas Johansson with a rebound.
6:27 of 3rd period - Snap shot by Kasperi Kapanen.
6:27 of 3rd period - Stopped by Jonas Johansson without a rebound.
6:28 of 3rd period - Michael Eyssimont wins face-off versus Aleksander Barkov in Los Angeles Kings zone.
6:35 of 3rd period - Snap shot by Michael Eyssimont.
6:35 of 3rd period - Deflect By Andrei Kuzmenko.
6:35 of 3rd period - Shot Blocked by Miro Heiskanen.
6:35 of 3rd period - Puck is out of play.
6:36 of 3rd period - Aleksander Barkov wins face-off versus Michael Eyssimont in Vancouver Canucks zone.
7:01 of 3rd period - Snap shot by Clayton Keller.
7:01 of 3rd period - Stopped by Jonas Johansson with a rebound.
7:03 of 3rd period - Penalty Shot by Andrei Svechnikov for Los Angeles Kings.
7:03 of 3rd period - Wrist shot by Andrei Svechnikov.
7:03 of 3rd period - Stopped by Joonas Korpisalo.
7:04 of 3rd period - Casey Mittelstadt wins face-off versus Adam Fantilli in Los Angeles Kings zone.
7:21 of 3rd period - Snap shot by Casey Mittelstadt.
7:21 of 3rd period - Stopped by Jonas Johansson with a rebound.
7:31 of 3rd period - Matias Maccelli is hit by Andrei Kuzmenko and loses puck.
7:55 of 3rd period - Icing by Andrei Kuzmenko.
7:56 of 3rd period - Anton Lundell wins face-off versus Michael Eyssimont in Los Angeles Kings zone.
8:11 of 3rd period - Snap shot by Mikko Rantanen.
8:11 of 3rd period - Stopped by Jonas Johansson without a rebound.
8:12 of 3rd period - Anton Lundell wins face-off versus Adam Fantilli in Los Angeles Kings zone.
8:17 of 3rd period - Slapshot by Miro Heiskanen.
8:17 of 3rd period - Stopped by Jonas Johansson without a rebound.
8:18 of 3rd period - Anton Lundell wins face-off versus Adam Fantilli in Los Angeles Kings zone.
8:23 of 3rd period - Wrist shot by Anton Lundell.
8:23 of 3rd period - Shot Misses the Net.
8:25 of 3rd period - Slapshot by Anton Lundell.
8:25 of 3rd period - Deflect By Taylor Raddysh.
8:25 of 3rd period - Shot Misses the Net.
8:25 of 3rd period - Puck is out of play.
8:26 of 3rd period - Adam Fantilli wins face-off versus Casey Mittelstadt in Los Angeles Kings zone.
9:09 of 3rd period - Kasperi Kapanen is hit by Andrei Kuzmenko and loses puck.
10:03 of 3rd period - Wrist shot by Mikko Rantanen.
10:03 of 3rd period - Stopped by Jonas Johansson with a rebound.
10:05 of 3rd period - Wrist shot by Casey Mittelstadt.
10:05 of 3rd period - Shot Misses the Net.
10:52 of 3rd period - Minor Penalty to Robby Fabbri for Interference.
10:53 of 3rd period - Adam Fantilli wins face-off versus Ty Dellandrea in Vancouver Canucks zone.
10:58 of 3rd period - Snap shot by Andrei Svechnikov.
10:58 of 3rd period - Shot Misses the Net.
12:04 of 3rd period - Icing by Noah Dobson.
12:05 of 3rd period - Ryan Reaves wins face-off versus Anton Lundell in Los Angeles Kings zone.
12:52 of 3rd period - Penalty to Robby Fabbri is over, Robby Fabbri is back on ice.
13:23 of 3rd period - Wrist shot by Clayton Keller.
13:23 of 3rd period - Shot Blocked by Noah Dobson.
13:32 of 3rd period - Icing by Noah Dobson.
13:33 of 3rd period - Anton Lundell wins face-off versus Michael Eyssimont in Los Angeles Kings zone.
13:36 of 3rd period - Slapshot by Taylor Raddysh.
13:36 of 3rd period - Stopped by Jonas Johansson with a rebound.
13:44 of 3rd period - Snap shot by K'Andre Miller.
13:44 of 3rd period - Shot Blocked by Jake Bean.
13:46 of 3rd period - Slapshot by Vitali Kravtsov.
13:46 of 3rd period - Stopped by Joonas Korpisalo with a rebound.
14:24 of 3rd period - Snap shot by Matias Maccelli.
14:24 of 3rd period - Stopped by Jonas Johansson with a rebound.
14:39 of 3rd period - Icing by Jakub Zboril.
14:40 of 3rd period - Robby Fabbri wins face-off versus Michael Eyssimont in Los Angeles Kings zone.
15:05 of 3rd period - Miro Heiskanen is hit by Owen Power and loses puck.
15:14 of 3rd period - Slapshot by Peyton Krebs.
15:14 of 3rd period - Stopped by Joonas Korpisalo without a rebound.
15:15 of 3rd period - Anton Lundell wins face-off versus Blake Wheeler in Vancouver Canucks zone.
16:05 of 3rd period - Michael Eyssimont is hit by Aleksander Barkov and loses puck.
16:40 of 3rd period - Slapshot by Anton Lundell.
16:40 of 3rd period - Stopped by Jonas Johansson without a rebound.
16:41 of 3rd period - Anton Lundell wins face-off versus Ryan Reaves in Los Angeles Kings zone.
17:38 of 3rd period - Minor Penalty to Jake Bean for Holding.
17:39 of 3rd period - Adam Fantilli wins face-off versus Aleksander Barkov in Vancouver Canucks zone.
19:38 of 3rd period - Penalty to Jake Bean is over, Jake Bean is back on ice.
19:58 of 3rd period - Minor Penalty to Vitali Kravtsov for Unsportsmanlike conduct.
19:59 of 3rd period - Casey Mittelstadt wins face-off versus Seth Jarvis in Los Angeles Kings zone.
Goals for this period are 0 for Los Angeles Kings vs 1 for Vancouver Canucks.
Shots for this period are 11 for Los Angeles Kings vs 14 for Vancouver Canucks.
Back to the Top